 Dungeon Crawl Stone Soup version 0.29-a0-317-gd16b76e6b1 (webtiles) character file.

Game seed: 13439109108031213299

345 Dabor the Shield-Bearer (level 6, 0/39 HPs)
             Began as a Gargoyle Fighter on Mar 30, 2022.
             Was a Believer of Kikubaaqudgha.
             Killed by nerve-wracking pain
             ... invoked by an orc priest
              (3 damage)
             ... on level 4 of the Dungeon.
             The game lasted 00:03:26 (3121 turns).

Dabor the Shield-Bearer (Gargoyle Fighter)          Turns: 3121, Time: 00:03:27

Health: 0/39       AC: 16    Str: 22    XL:     6   Next: 58%
Magic:  6/6        EV:  9    Int:  8    God:    Kikubaaqudgha [**....]
Gold:   182        SH:  4    Dex:  9    Spells: 5/5 levels left

rFire   . . .      SeeInvis .   a - +0 flail
rCold   + . .      Faith    .   c - +0 buckler
rNeg    + . .      Spirit   .   t - +2 scale mail {rC+}
rPois   ∞          Reflect  .   p - +0 helmet
rElec   +          Harm     .   (no cloak)
rCorr   .          Rampage  .   q - +0 pair of gloves
Will    .....                   (no boots)
Stlth   ..........              (no amulet)
HPRegen 0.13/turn               o - ring of flight
MPRegen 0.10/turn               (no ring)

@: mighty, flying
A: sickness immunity, AC +4, negative energy resistance 1, electricity
resistance, torment resistance 1, petrification resistance
a: Renounce Religion, Receive Corpses


You were on level 4 of the Dungeon.
You worshipped Kikubaaqudgha.
Kikubaaqudgha was pleased with you.
You visited 1 branch of the dungeon, and saw 4 of its levels.

You collected 182 gold pieces.

Inventory:

Hand Weapons
 a - a +0 flail (weapon)
Missiles
 v - 6 poisoned darts (quivered)
 x - a boomerang
Armour
 c - a +0 buckler (worn)
 i - the +0 ring mail "Seuh Ucyink" {Will+ Dex-2 SInv}
   (You found it on level 2 of the Dungeon)

   Dex:       It affects your dexterity (-2).
   SInv:      It lets you see invisible.
   Will:      It increases your willpower.
 p - a +0 helmet (worn)
 q - a +0 pair of gloves (worn)
 t - a +2 scale mail of cold resistance (worn)
Jewellery
 o - a ring of flight (left hand)
Wands
 y - a wand of charming (11)
Scrolls
 b - a scroll of immolation {unknown}
 e - a scroll of fear
 h - 2 scrolls of vulnerability
 j - a scroll of identify
 k - a scroll of amnesia
 m - a scroll of teleportation {unknown}
 s - a scroll of blinking {unknown}
 u - a scroll of fog {unknown}
Potions
 d - a potion of might
 f - a potion of curing {unknown}
 g - a potion of brilliance {unknown}
 l - a potion of lignification {unknown}
 n - 2 potions of heal wounds {unknown}
 r - a potion of cancellation {unknown}
 w - a potion of berserk rage {unknown}
 z - a potion of degeneration {unknown}


   Skills:
 + Level 4.7 Fighting
 + Level 3.6 Maces & Flails
 + Level 0.9 Throwing
 + Level 4.7 Armour
 + Level 0.8 Dodging
 + Level 4.7 Shields


You had 5 spell levels left.
You didn't know any spells.
Your spell library contained the following spells:

 Spells                   Type           Power      Damage    Failure   Level
 Animate Skeleton         Necr           0%         N/A       80%         1
 Pain                     Necr           0%         1d4       80%         1
 Corpse Rot               Necr/Air       0%         N/A       91%         2
 Vampiric Draining        Necr           0%         2d6       99%         3
 Airstrike                Air            0%         N/A       100%        4
 Summon Lightning Spire   Summ/Air       0%         N/A       100%        4
 Lightning Bolt           Conj/Air       0%         1d11      100%        5


Dungeon Overview and Level Annotations

Branches:
Dungeon (4/15)
 Temple: D:4-7

Altars:
Kikubaaqudgha


Innate Abilities, Weirdness & Mutations

You are immune to sickness and miasma.
Your stone body is resilient. (AC +4)
You are immune to poison.
You resist negative energy. (rN+)
You are resistant to electric shocks. (rElec)
You are resistant to unholy torment.
You are immune to petrification.


Message History

You are too injured to fight recklessly!
You are too injured to fight recklessly!
You are too injured to fight recklessly!
You are too injured to fight recklessly!
You are too injured to fight recklessly!
You are too injured to fight recklessly!
You are too injured to fight recklessly!
You are too injured to fight recklessly!
You are too injured to fight recklessly!
You are too injured to fight recklessly!
You feel very mighty all of a sudden. The orc priest closely misses you.
The orc closely misses you. The orc hits you but does no damage.
The orc priest completely misses you.
You sock the orc priest!
You kill the orc priest!
Kikubaaqudgha accepts your kill. The orc hits you but does no damage.
The orc priest begins to cast a cantrip, but forgets the words!
You barely miss the orc. The orc hits you but does no damage.
The orc hits you with a +0 hand axe of freezing.
You sock the orc!
You kill the orc!
Kikubaaqudgha accepts your kill. The orc hits you but does no damage.
You barely miss the orc. The orc closely misses you.
The orc hits you but does no damage.
You bludgeon the orc!!
You kill the orc!
Kikubaaqudgha accepts your kill.
You sock the orc!
You kill the orc!
Kikubaaqudgha accepts your kill.
The orc priest mumbles some strange prayers to Beogh against you.
Beogh smites you!
* * * LOW HITPOINT WARNING * * *
The orc priest mumbles some strange prayers to Beogh against you.
Pain shoots through your body!
You die...
Kikubaaqudgha rasps: "You have failed me!
Welcome... oblivion!"

#.......##.#.# .....
........##.#.# #.#
..####..##.#.#######.# # ..
##.##+#.........#.# ..
#..............#.# ..
#................#
##.....#######.##########
#...#.#.?)....<.........
.......#.#.#@#.##########..
........#.# #o#...
........#.# #.#####
........#.# #.# .......>#.#
... #########.# #.# #.. ..#
###


You could see an orc priest.

Vanquished Creatures
  2 ogres
  An orc priest (D:4)
  A hound (D:4)
  An orc wizard (D:3)
  An ufetubus (D:4)
  2 worms
  5 dart slugs
  7 orcs
  6 ball pythons
  3 endoplasms (D:1)
  A giant cockroach (D:2)
  9 hobgoblins
  3 jackals (D:2)
  9 kobolds
  3 quokkas
  6 bats
  3 frilled lizards
  7 rats
70 creatures vanquished.

Notes
Turn   | Place    | Note
-------+----------+-------------------------------------------
     0 | D:1      | Dabor the Gargoyle Fighter began the quest for the Orb.
     0 | D:1      | Reached XP level 1. HP: 14/14 MP: 1/1
   115 | D:1      | Reached XP level 2. HP: 19/19 MP: 2/2
   532 | D:1      | Reached XP level 3. HP: 20/23 MP: 3/3
  1205 | D:2      | Found a faded altar of an unknown god.
  1210 | D:2      | Identified the +0 ring mail "Seuh Ucyink" {Will+ Dex-2
                  | SInv}
  1224 | D:2      | Prayed at the altar of an unknown god.
  1224 | D:2      | Became a worshipper of Kikubaaqudgha
  1224 | D:2      | Reached * piety under Kikubaaqudgha
  1224 | D:2      | Received a gift from Kikubaaqudgha
  1464 | D:2      | Noticed an ogre
  1470 | D:2      | Killed an ogre
  1471 | D:2      | Reached XP level 4. HP: 29/29 MP: 4/4
  1471 | D:2      | Reached XP level 5. HP: 33/33 MP: 5/5
  2999 | D:4      | Noticed an ogre
  3009 | D:4      | Killed an ogre
  3010 | D:4      | Reached XP level 6. HP: 37/39 MP: 6/6
  3019 | D:4      | Reached ** piety under Kikubaaqudgha
  3121 | D:4      | Killed from afar by an orc priest

Illustrated notes

Levels and vault maps discovered:
D:1:      amcnicky_arrival_blooded_trapdoor, layout_loops_corners
D:2:      layout_basic, ebering_ecumenical_altar_abandoned, st_stairs_1,
          patterned_corridor
D:3:      layout_basic
D:4:      layout_basic, minmay_temple_entry_poolview

Skill      XL: |  1  2  3 |
---------------+----------+-----
Fighting       | 4 |  4.7
Maces & Flails | 3 |  3.6
Armour         | 4 |  4.7
Shields        | 4 |  4.7
Throwing       | |  0.9
Dodging        | |  0.8

Action                   |  1- 3 |  4- 6 || total
-------------------------+-------+-------++-------
Melee: Flail             |   128 |   104 ||   232
Throw: Dart              |       |     6 ||     6
  Use: Scroll            |       |     3 ||     3
       Potion            |       |     1 ||     1
Armor: Scale mail        |    50 |    63 ||   113
       Ring mail         |    20 |    19 ||    39
Dodge: Dodged            |    83 |    56 ||   139
Block: Buckler           |    43 |    28 ||    71

Table legend: (Time is in decaauts)
 A = Elapsed time spent in this place.
 B = Non-inter-level travel time spent in this place.
 C = Inter-level travel time spent in this place.
 D = Time resting spent in this place.
 E = Time spent auto-exploring this place.
 F = Levels seen in this place.
 G = Mean time per level.
                   A        B        C        D        E       F      G
               +--------+--------+--------+--------+--------+-----+--------+
         Total |   3189 |   3011 |    178 |      0 |   2443 |   4 |  797.2 |
       Dungeon |   3189 |   3011 |    178 |      0 |   2443 |   4 |  797.2 |
               +--------+--------+--------+--------+--------+-----+--------+

Top non-repeatable levels by time:
     D:1: 1233 daAuts
     D:2: 1002 daAuts
     D:3: 737 daAuts
     D:4: 216 daAuts
